 BcadrenCrawl: Boulder Brew version 0.03.3.1 (webtiles) character file.

Game seed: 7150858718404590635, levelgen mode: deterministic

19320 Chiseanne the Grappler (level 12, -9/122 HPs) Troll Demonspawn. Began on Mar 13, 2021. Shot with an arrow by a centaur warrior (13 damage) ... on level 7 of the Dungeon. The game lasted 00:24:13 (6461 turns).

Chiseanne the Grappler (Troll Demonspawn)           Turns: 6461, Time: 00:24:13

Health: -9/122     AC: 21    Str: 27    XL:     12 ^: 10432
Magic:  12/12      EV: 14    Int:  8    God:
Gold:   474        SH: 14    Dex: 13    Spells: 12/13 levels left

rFire    . . .     Vision   .     - Unarmed
rCold    . . .     Gourm    +   t - +6 heater shield {reflect}
rNeg     + . .     Faith    .   a - +2 robe {MR+}
rPois    .         Spirit   .   (helmet restricted)
rElec    .         Reflect  +   d - +2 cloak {MR+}
rCorr    .         Harm     .   (gloves unavailable)
MR       ++...                  (boots unavailable)
Stlth    ++........             (no amulet)
HPRegen  0.90/turn              C - ring of protection
MPRegen  0.22/turn              D - ring of protection

@: studying Air Magic
A: large, unfitting armour, claws 3, talons 2, fast metabolism 3, gourmand,
negative energy resistance 1, regeneration 1, shaggy fur 1, strong 1, tough skin
3, rot immunity, sturdy frame 3
a: no special abilities


You were on level 7 of the Dungeon.
You were full.

You visited 2 branches of the dungeon, and saw 8 of its levels.

You collected 474 gold pieces.

Inventory:

Weapons
 i - a +2 scimitar of molten steel
 s - a +6 giant spiked club
 y - a +0 giant spiked club
 G - a cursed +2 flail of caustic ooze {(Curse: rF-)} Shields
 t - a +6 heater shield of reflection (shield)
Armour
 a - a +2 robe of magic resistance (worn)
 d - a +2 cloak of magic resistance (worn)
Jewellery
 e - an uncursed ring of fire
 C - a ring of protection (left claw)
 D - a ring of protection (right claw)
 E - a cursed ring of dexterity {(Curse: *Corrode)}
 K - an uncursed ring of resist corrosion
Wands
 p - a wand of iceblast (30)
 q - a wand of polymorph (1)
 u - a wand of disintegration (53)
Scrolls
 b - a scroll of summoning
 h - 3 scrolls of fog
 j - a scroll of blinking
 m - a scroll of amnesia
 n - 5 scrolls of teleportation
 v - 4 scrolls of magic mapping
 w - a scroll of immolation
Potions
 f - 4 potions of brilliance
 g - 3 potions of might
 k - 12 potions of curing
 l - 2 potions of mutation
 o - a potion of magic
 r - a potion of cancellation
 x - 2 potions of ambrosia
 z - a potion of haste
 A - 4 potions of heal wounds
 I - a potion of beneficial mutation
Comestibles
 c - 22 rations


   Skills:
 * Level 8.5 Fighting
 * Level 8.8 Dodging
 - Level 1.0 Stealth
 * Level 6.4 Shields
 * Level 10.2 Unarmed Combat
 - Level 1.0 Spellcasting
 - Level 1.3 Fire Magic
   Level 2.4 Invocations


You had 12 spell levels left.
You knew the following spells:

 Your Spells              Type           Power        Failure   Level  Hunger
a - Flame Tongue          Fire           2 (30)       36%         1    ##.....

Your spell library contained the following spells:

 Spells                   Type           Power        Failure   Level  Hunger
 Confusing Touch          Hex            0 (50)       54%         1    ##.....
 Blink                    Tloc           N/A          69%         2    ###....
 Call Imp                 Summ           0 (100)      69%         2    ###....
 Shroud of Golubria       Chrm/Tloc      0 (200)      69%         2    ###....
 Slow                     Hex            0 (100)      69%         2    ###....
 Conjure Flame            Fire           2 (100)      75%         3    ####...
 Confuse                  Hex            0 (100)      89%         3    ####...
 Gell's Gravitas          Tloc           0 (200)      89%         3    ####...
 Mephitic Cloud           Pois/Air       0 (100)      89%         3    ####...
 Teleport Other           Hex/Tloc       0 (100)      89%         3    ####...
 Force Lance              Tloc/Air       0 (200)      100%        4    #####..
 Force Lasso              Tloc/Erth      0 (200)      100%        4    #####..
 Passage of Golubria      Tloc           N/A          100%        4    #####..
 Petrify                  Tmut/Erth      0 (100)      100%        4    #####..
 Yara's Violent Unravell  Hex/Tmut       0 (200)      100%        5    ######.


Dungeon Overview and Level Annotations

Branches:
Dungeon (7/8)              Temple (1/1) D:4            Lair (0/6) D:5
    Orc (0/2) D:6
 Vaults: D:7

Altars:
Ashenzari
Cheibriados
Dithmenos
Elyvilon
Fedhas Madash
Gozag Ym Sagoz
Hepliaklqana
Kikubaaqudgha
Makhleb
Nemelex Xobeh
Qazlal
Ru
Sif Muna
Trog
Uskayaw
Vehumet
Wu Jian
Xom
Yredelemnul
Zin
The Shining One

Shops:
D:2 [:[*   D:3 :   D:4 =   D:5 =   D:7 (

Annotations:
D:6 2 runed translucent doors, aspa's ghost, journeyman OpWz


Innate Abilities, Weirdness & Mutations

You are too large for most types of armour.
You have claws for hands. (+6 Unarmed)
You have razor-sharp toenails.
Your metabolism is lightning-fast.
You like to eat raw meat.
You resist negative energy. (rN+)
Your natural rate of healing is unusually fast.
You are covered in fur. (AC +1)
You have extremely tough skin. (AC +3)
You are immune to rotting.
Your movements are significantly less encumbered by armour. (ER -6)
You are strong. (Str +2)


Message History

* * * LOW HITPOINT WARNING * * *
x2 The two-headed ogre misses you (0).
Okay, then.
The ogre mage casts a spell.
The ogre mage flickers and vanishes!
Deactivating autopickup; reactivate with Ctrl-A.
The centaur warrior wields a cursed +5 longbow of molten steel {(Curse: Fragile)}.
The surface melts into red hot liquid metal!
The centaur warrior shoots an arrow.
You reflect the arrow off your +6 heater shield of reflection!
You claw the two-headed ogre (14)! You claw the two-headed ogre (7)!
You claw the two-headed ogre (13)!
You kill the two-headed ogre!
A komodo dragon comes into view.
The ogre mage picks up a +0 mangonel.
The ogre mage wields a +0 mangonel.
The ogre mage picks up a wand of scattershot.
The centaur warrior shoots an arrow.
The arrow punctures you (13)!
* * * LOW HITPOINT WARNING * * *
The arrow burns you (13)!
You die...

#.# #.##...
#.# .......
#)#####{......
#..##.O.#
##.##c###
#.#..# #.#)##
##.#.# #..@.#
#..##....l#
#..# .##^##
#..# .. ./.#
..# .##.. .##
#. ##. .# #


You could see a centaur warrior, an ogre mage and a komodo dragon (wandering).

Vanquished Creatures
  Erolcha (D:6)
  Urug (D:6)
  3 two-headed ogres
  A hydra (D:4)
  Pikel (D:5)
  3 deep elf magi
  A rock worm (D:5)
  2 gargoyles
  An ugly thing (D:6)
  A troll (D:5)
  A kobold demonologist (D:6)
  An efreet (D:7)
  Psyche (D:6)
  A komodo dragon (D:6)
  A hornet (D:5)
  2 dream sheep (D:4)
  2 hippogriffs (D:6)
  A cyclops (D:7)
  Grum (D:6)
  2 wyverns (D:6)
  2 hungry ghosts
  8 yaks
  4 war dogs (D:6)
  2 guardian mummies (D:4)
  A vampire mosquito (D:7)
  A wolf spider zombie (D:7)
  A slime creature (D:6)
  2 soldier ants (D:6)
  4 phantoms
  A water moccasin (D:2)
  An orc warrior (D:5)
  3 scorpions
  6 porcupines
  A hell hound (D:4)
  3 eyes of draining
  4 sky beasts
  4 ice beasts
  4 black bears
  3 ogres
  2 crocodiles
  10 bullfrogs
  5 big kobolds
  3 centaurs
  2 troll zombies (D:6)
  5 howler monkeys
  A quasit (D:5)
  3 wights (D:4)
  2 crimson imps
  5 orc priests
  4 hounds
  5 jellies
  5 orc wizards
  8 mummies (D:4)
  4 ogre zombies (D:6)
  11 worker ants
  2 iguanas
  2 wyvern zombies
  4 hell rats (D:4)
  A spectral bullfrog (D:4)
  16 giant cockroaches
  2 bullfrog zombies (D:6)
  4 bullfrog skeletons
  A porcupine skeleton (D:3)
  3 gnolls (D:4)
  19 adders
  A bullfrog simulacrum (D:4)
  6 sewer rats (D:2)
  7 spectral hell rats (D:4)
  5 worms (D:2)
  13 cinder newts
  A spectral iguana (D:4)
  A giant cockroach zombie (D:3)
  2 worker ant zombies
  A hound skeleton (D:3)
  5 oozes
  A giant cockroach simulacrum (D:4)
  A hound simulacrum (D:4)
  A worker ant simulacrum (D:4)
  A dart slug (D:1)
  7 leopard geckos
  20 orcs
  2 adder skeletons (D:3)
  9 bats
  3 goblins (D:1)
  2 hobgoblins (D:1)
  5 quokkas
  2 ball pythons (D:3)
  A ball python skeleton (D:2)
  3 bat skeletons (D:2)
  A goblin skeleton (D:2)
  6 goblin zombies (D:6)
  A hobgoblin skeleton (D:2)
  A jackal zombie (D:3)
  15 kobolds
  3 leopard gecko skeletons
  A leopard gecko zombie (D:3)
  3 orc skeletons (D:6)
  9 orc zombies (D:6)
  A quokka skeleton (D:2)
  A quokka zombie (D:3)
  7 rats (D:1)
  A spectral orc (D:4)
  A spectral quokka (D:4)
  A butterfly (D:5)
  3 fungi (D:5)
  7 plants (D:5)
  3 slaves (D:5)
  A slimehead (D:2)
  3 withered plants (D:2)
381 creatures vanquished.

Vanquished Creatures (others)
  An adder simulacrum (D:4)
  A leopard gecko simulacrum (D:4)
  41 fungi (D:5)
  52 plants (D:5)
  4 toadstools (D:1)
  72 withered plants
171 creatures vanquished.

Grand Total: 552 creatures vanquished

Notes
Turn   | Place    | Note
-------+----------+-------------------------------------------
     0 | D:1      | Chiseanne the Troll Demonspawn began the quest for the Orb.
     0 | D:1      | Reached XP level 1. HP: 18/18 MP: 1/1
    32 | D:1      | Reached skill level 1 in Fighting
    32 | D:1      | Gained mutation: You have sharp toenails. [demonic
                  | ancestry]
    32 | D:1      | Reached XP level 2. HP: 27/27 MP: 2/2
   232 | D:1      | Gained mutation: You have razor-sharp toenails. [demonic
                  | ancestry]
   232 | D:1      | Reached XP level 3. HP: 31/33 MP: 3/3
   251 | D:1      | Gained mutation: Your movements are slightly less
                  | encumbered by armour. (ER -2) [demonic ancestry]
   251 | D:1      | Reached XP level 4. HP: 41/42 MP: 4/4
   482 | D:1      | Reached skill level 3 in Unarmed Combat
   817 | D:2      | Found Jaetur's Antique Armour Boutique.
   833 | D:2      | Reached XP level 5. HP: 48/49 MP: 5/5
   956 | D:2      | Gained mutation: Your movements are less encumbered by
                  | armour. (ER -4) [demonic ancestry]
   956 | D:2      | Reached XP level 6. HP: 59/59 MP: 6/6
  1032 | D:2      | Noticed a water moccasin
  1039 | D:2      | Killed a water moccasin
  1039 | D:2      | Reached skill level 4 in Unarmed Combat
  1065 | D:2      | Found Nanuxkar's Book Shop.
  1107 | D:2      | Gained mutation: You are immune to rotting. [demonic
                  | ancestry]
  1107 | D:2      | Reached XP level 7. HP: 67/67 MP: 7/7
  1112 | D:2      | Identified the cursed amulet of Giss {Reflect rN+ SH+5,
                  | (Curse: Fragile)}
  1113 | D:2      | Found a shimmering altar of Xom.
  1191 | D:2      | Found Rohiwem's Antique Armour Shop.
  1363 | D:2      | Found Kellukeph's Assorted Antiques.
  1930 | D:3      | Reached skill level 5 in Unarmed Combat
  2037 | D:3      | Found Dekh's Book Shoppe.
  2306 | D:3      | Gained mutation: Your movements are significantly less
                  | encumbered by armour. (ER -6) [demonic ancestry]
  2306 | D:3      | Reached XP level 8. HP: 78/78 MP: 8/8
  2382 | D:3      | Found an opulent altar of Gozag.
  2490 | D:3      | Reached skill level 5 in Dodging
  2978 | D:4      | Reached skill level 6 in Unarmed Combat
  3008 | D:4      | Reached skill level 5 in Fighting
  3085 | D:4      | HP: 3/80 [spectral hell rat (9)]
  3091 | D:4      | HP: 4/80 [spectral hell rat (7)]
  3093 | D:4      | Reached XP level 9. HP: 5/88 MP: 9/9
  3440 | D:4      | Noticed a deep elf mage
  3447 | D:4      | Killed a deep elf mage
  3447 | D:4      | Reached skill level 1 in Shields
  3461 | D:4      | Reached skill level 7 in Unarmed Combat
  3608 | D:4      | Found Ustued Titee's Jewellery Shoppe.
  3738 | D:4      | Found a burning altar of Makhleb.
  3739 | D:4      | Found a shimmering blue altar of Sif Muna.
  3860 | D:4      | Found a staircase to the Ecumenical Temple.
  3915 | Temple   | Entered the Ecumenical Temple
  4308 | D:4      | Reached XP level 10. HP: 98/98 MP: 10/10
  4391 | D:4      | Noticed a two-headed hydra
  4398 | D:4      | Killed a one-headed hydra
  4398 | D:4      | Reached skill level 8 in Unarmed Combat
  4511 | D:4      | Gained mutation: You are strong. (Str +2) [potion of
                  | mutation]
  4641 | D:5      | Entered Level 5 of the Dungeon
  4826 | D:5      | Identified a scroll of acquirement
  4946 | D:5      | Reached XP level 11. HP: 107/109 MP: 11/11
  4968 | D:5      | Identified the cursed ring "Haum" {rC+ MP+9, (Curse:
                  | Fragile MR-)}
  4968 | D:5      | Noticed Pikel
  4984 | D:5      | Killed Pikel
  5036 | D:5      | Found a staircase to the Lair.
  5141 | D:5      | Noticed a two-headed ogre
  5148 | D:5      | Killed a two-headed ogre
  5148 | D:5      | Reached skill level 9 in Unarmed Combat
  5157 | D:5      | Reached skill level 5 in Shields
  5249 | D:5      | Found Coytuy's Jewellery Emporium.
  5361 | D:6      | Noticed Psyche
  5368 | D:6      | Killed Psyche
  5376 | D:6      | Found a large runed translucent door.
  5377 | D:6      | Noticed aspa's ghost (journeyman OpWz)
  5385 | D:6      | Found a large runed translucent door.
  5660 | D:6      | Noticed Urug
  5691 | D:6      | Killed Urug
  5729 | D:6      | Noticed Erolcha
  5748 | D:6      | Killed Erolcha
  5757 | D:6      | Noticed Grum
  5767 | D:6      | Killed Grum
  5814 | D:6      | Noticed a two-headed ogre
  5838 | D:6      | Noticed a sun demon
  5838 | D:6      | Gained mutation: You resist negative energy. (rN+) [demonic
                  | ancestry]
  5838 | D:6      | Reached XP level 12. HP: 96/119 MP: 12/12
  5888 | D:6      | Reached skill level 10 in Unarmed Combat
  5906 | D:6      | Found a staircase to the Orcish Mines.
  5993 | D:6      | Found a basalt altar of Yredelemnul.
  5994 | D:6      | Identified the +2 chain mail "Goqirphi" {-Tele Str+4 Dex+5}
  5998 | D:6      | Noticed a profane servitor
  6021 | D:6      | Found a glowing golden altar of the Shining One.
  6023 | D:6      | Noticed an angel
  6405 | D:7      | Found Otya's Weapon Boutique.
  6437 | D:7      | Noticed an ogre mage
  6451 | D:7      | Identified the cursed ring "Sealorgh" {*Drain +Inv rPois
                  | rN+++ Str-4, (Curse: Fragile)}
  6461 | D:7      | HP: 4/122 [centaur warrior/arrow (13)]
  6461 | D:7      | Shot with an arrow by a centaur warrior

Levels and vault maps discovered:
D:1:      ldierk_walled_garden_2, layout_basic
D:2:      layout_sewer, xom_teletrap_fun, serial_shops, shop, shop,
          kennysheep_little_box, nicolae_shop_behind_doors, minmay_hexomino_u4
D:3:      layout_loops_corners, grunt_gozag_breadcrumbs, serial_undead,
          serial_undead_b, serial_undead_c, serial_undead_d, serial_undead_c,
          serial_undead_d, serial_undead_c, serial_undead_f, serial_undead_e,
          serial_undead_b, serial_undead_b, first_ration, serial_shops,
          nicolae_shop_stone
D:4:      ossuary_due_small_catacomb, layout_loops_corners,
          gammafunk_temple_overflow_statue, minmay_temple_entry_stoned_glass,
          serial_shops, shop, hangedman_ranch [blue_anna_fruit_fields],
          minmay_three_doors
D:5:      layout_basic, due_lair_maze_entry_diamond, serial_shops,
          nicolae_shop_window_shopping, uniq_pikel
D:6:      layout_long_grid, grunt_temple_overflow_holy_war, zombieorc1_lemuel,
          ebering_ghost_disaster_area, uniq_erolcha, uniq_grum, uniq_psyche,
          uniq_urug
D:7:      layout_rooms, okawaru_ov_weapons_minmay, david_vaults_2, serial_shops,
          shop, uniq_jorgrun
Temple:   eino_wide_crystal_templ

Skill      XL: |  1  2  3  4  5  6  7  8  9 10 11 12 |
---------------+-------------------------------------+-----
Fighting       | 1 2 3 4 5 6 7 8 |  8.5
Dodging        | 3 4 5 6 7 8 |  8.8
Unarmed Combat | 3 4 5 6 7 8 9 10 | 10.2
Shields        | 2 4 5 6 |  6.4
Stealth        | |  1.0
Spellcasting   | |  1.0
Fire Magic     | |  1.3
Invocations    | |  2.4

Action                   |  1- 3 |  4- 6 |  7- 9 | 10-12 || total
-------------------------+-------+-------+-------+-------++-------
Melee: Unarmed           |    44 |   163 |   289 |   388 ||   884
       Kick              |     2 |     9 |    41 |   135 ||   187
       Hatchet           |       |       |       |     2 ||     2
  Use: Scroll            |       |       |     3 |     5 ||     8
       Potion            |       |       |     1 |     6 ||     7
 Stab: Sleeping          |       |     2 |     3 |     3 ||     8
       Distracted        |       |       |     2 |       ||     2
       Invisible         |       |       |       |     2 ||     2
  Eat: Chunk             |       |    16 |    28 |    23 ||    67
Armor: Robe              |     5 |    27 |    24 |    88 ||   144
Dodge: Dodged            |    14 |    48 |    57 |    73 ||   192
Block: Heater shield     |       |       |    24 |   135 ||   159
       Reflection        |       |       |       |    12 ||    12
